 Dungeon Crawl Stone Soup version 0.29.1-15-g9cfb28693d (webtiles) character file.

Game seed: 16274586481527609240

3337 Carnifexus the Basher (level 9, 0/121 HPs)
             Began as a Minotaur Delver on Mar 29, 2023.
             Slain by Joseph
             ... wielding a +0 quarterstaff
              (5 damage)
             ... on level 8 of the Dungeon.
             The game lasted 00:21:33 (8537 turns).

Carnifexus the Basher (Minotaur Delver)             Turns: 8537, Time: 00:21:33

Health: 0/121      AC: 24    Str: 20 (21) XL:     9   Next: 72%
Magic:  0/8        EV:  2    Int:  4 (7)  God:
Gold:   322        SH:  0    Dex: 17 (18) Spells: 8/8 levels left

rFire   . . .      SeeInvis +   M - +3 whip (freeze)
rCold   . . .      Faith    .   (no shield)
rNeg    . . .      Spirit   +   (body armour currently unavailable)
rPois   +          Reflect  .   (helmet currently unavailable)
rElec   .          Harm     .   (cloak currently unavailable)
rCorr   .          Rampage  .   (gloves currently unavailable)
Will    +....      NoTele   +   (boots currently unavailable)
Stlth   +++.......              u - amulet of guardian spirit
HPRegen 0.30/turn               g - +6 ring of dexterity
MPRegen 0.11/turn               k - ring of Baxelum {Will+ SInv}

@: tree-form
A: stationary, stasis, torment immunity, boosted hp, (horns 2), (retaliatory
headbutt)
a: no special abilities


You were on level 8 of the Dungeon.
You were a tree.
You visited 2 branches of the dungeon, and saw 9 of its levels.

You collected 322 gold pieces.

Inventory:

Hand Weapons
 a - a +1 mace
 j - a +2 whip of electrocution
 v - a +1 short sword of holy wrath
 w - a +0 spear of venom
 y - a +1 scimitar of flaming
 A - a +2 spear of pain
 D - a +1 dagger of speed
 I - a +3 quarterstaff of chaos
 K - a +1 short sword of venom
 M - a +3 whip of freezing (weapon)
 O - a +0 whip of holy wrath
Armour
 b - a +0 leather armour
 i - a +0 ring mail
 l - a +1 chain mail
 n - +0 fire dragon scales (melded)
 H - a +0 cloak
Magical Staves
 N - a staff of cold
Jewellery
 f - an amulet of reflection
 g - a +6 ring of dexterity (left branch)
 k - the ring of Baxelum (right branch) {Will+ SInv}
   (You found it on level 2 of the Dungeon)

   [ring of willpower]

   SInv:      It lets you see invisible.
   Will:      It increases your willpower.
 r - an amulet of reflection
 s - a +4 ring of evasion
 u - an amulet of guardian spirit (around neck)
 x - a +6 ring of intelligence
 B - a ring of magical power
 E - a ring of protection from cold
Wands
 C - a wand of flame (23)
 J - a wand of iceblast (5)
 R - a wand of charming (3)
 S - a wand of polymorph (12)
Scrolls
 c - a scroll of fog
 d - 2 scrolls of magic mapping
 e - a scroll of fear
 h - 2 scrolls of enchant weapon
 P - a scroll of butterflies
 Q - 2 scrolls of summoning
Potions
 m - a potion of brilliance
 o - 5 potions of curing
 p - a potion of degeneration
 q - 4 potions of flight
 t - 2 potions of lignification
 z - a potion of might {unknown}
 F - a potion of magic {unknown}
 G - a potion of invisibility {unknown}
 L - a potion of attraction {unknown}
 T - a potion of ambrosia {unknown}


   Skills:
 + Level 7.9 Fighting
 + Level 10.8 Maces & Flails
 + Level 8.6 Armour
 + Level 4.3 Dodging
 + Level 5.1 Stealth
 + Level 0.9 Evocations


You had 8 spell levels left.
You didn't know any spells.
Your spell library contained the following spells:

 Spells                   Type           Power      Damage    Failure   Level
 Ensorcelled Hibernation  Hex/Ice        0%         N/A       65%         2
 Ozocubu's Armour         Ice            0%         N/A       86%         3
 Spider Form              Tmut/Pois      0%         N/A       86%         3
 Anguish                  Hex/Necr       0%         N/A       99%         4
 Metabolic Englaciation   Hex/Ice        0%         N/A       100%        5
 Simulacrum               Ice/Necr       0%         N/A       100%        6


Dungeon Overview and Level Annotations

Branches:
Dungeon (8/15)             Temple (1/1) D:5
   Lair: D:8-11

Altars:
Cheibriados
Dithmenos
Fedhas
Gozag
Hepliaklqana
Kikubaaqudgha
Makhleb
Qazlal
Ru
Sif Muna
Trog
Uskayaw
Wu Jian
Xom
Zin
The Shining One

Shops:
D:2 ?   D:5 (

Annotations:
D:8 Joseph


Innate Abilities, Weirdness & Mutations

You are a tree.
Your roots penetrate the ground, keeping you stationary.
You cannot be teleported.
You are immune to unholy pain and torment.
Your maximum health is greatly increased.
Your equipment is partially melded.
((You have a pair of horns on your head.))
((You reflexively headbutt those who attack you in melee.))


Message History

You whack Joseph! You freeze Joseph. Your headbutt misses Joseph.
Joseph is heavily wounded.
You hit Joseph. You freeze Joseph.
Joseph is heavily wounded.
Joseph zaps a wand.
The bolt of light hits you!
You are confused.
You hit Joseph but do no damage. You headbutt Joseph!
Joseph is severely wounded.
You hit Joseph. You freeze Joseph. You headbutt Joseph, but do no damage.
Joseph is almost dead.
Joseph hits you with a +0 quarterstaff!
You hit Joseph. You freeze Joseph. Your headbutt misses Joseph.
Joseph is almost dead.
Joseph hits you with a +0 quarterstaff.
* * * LOW HITPOINT WARNING * * *
You hit Joseph. You freeze Joseph. Your headbutt misses Joseph.
Joseph is almost dead.
You feel less confused.
Joseph unwields a +0 quarterstaff.
Joseph wields a +1 sling of flaming.
It bursts into flame!
Joseph shoots a sling bullet.
The sling bullet hits you but does no damage.
Joseph zaps a wand.
The bolt of light hits you!
* * * LOW HITPOINT WARNING * * *
You hit Joseph. You freeze Joseph. Your headbutt misses Joseph.
Joseph is almost dead.
You barely miss Joseph.
Joseph is almost dead.
Joseph unwields a +1 sling of flaming.
It stops flaming.
Joseph wields a +0 quarterstaff.
Joseph hits you with a +0 quarterstaff.
* * * LOW HITPOINT WARNING * * *
An orc comes into view. It is wielding a +0 hand axe.
It was a potion of degeneration.
There was something very wrong with that liquid.
You feel weakened.
You feel dopey.
You feel clumsy. Joseph hits you with a +0 quarterstaff!
* * * LOW HITPOINT WARNING * * *
It was a potion of lignification.
You turn into a tree.
Your +0 fire dragon scales melds into your body.
Your roots penetrate the ground.
Joseph hits you with a +0 quarterstaff.
You die...

,,,,,,,,,,,,,*#'#,,,,,,,,,,,,,,,,
,,,,,,,,,,,*,,#.#,,,,,,,,,,,,,,,,
,,,,,,,,,,,**,#.#,,,,,,,,,,,,,,,,
,,**,,,,,,,**,#.#,,,,,,,,,,,,,,,,
,,,,,,,,,,,**,#[#,,,,,,,,,,,,,,,*
,****,,******,#)#,,,,,,,,,,,,,,,*
,* **,******,#o#*********,,,,,,*
** *,,,,,,*,#@####### ******,*
******,,,,,,*,#.♣.....### *,^
+,,,,,,,,,,,,,#.......+.# *.#
*******,,,,,**##o.....#.###*###.#
* ***,,,,.........'...#.....#
*,,,*###......#.#.#.....# *,*,*
#......#.#.#......
*,*,***#......#.#...#,**,
*********,*,,,,#......#.#...#,**,
,,,,,,,,,,****,#......#...#.#,**,


You could see Joseph, an orc wizard (invisible) and an orc.

Vanquished Creatures
  Erica (D:8)
  Prince Ribbit (D:5)
  2 water moccasins
  A black bear (D:6)
  3 ice beasts
  A sky beast (D:7)
  2 ogres (D:4)
  A centaur (D:6)
  A kobold brigand (D:7)
  3 scorpions (D:4)
  3 bullfrogs
  3 necrophages
  5 hounds
  3 jellies
  Crazy Yiuf (D:5)
  3 gnoll boudas
  2 orc priests
  3 iguanas
  4 orc wizards
  Ijyb (D:5)
  19 gnolls
  7 adders
  4 river rats (D:5)
  A white imp (D:6)
  2 ufetubi
  3 worms
  5 dart slugs
  18 orcs
  4 ball pythons
  3 bats
  7 endoplasms
  3 giant cockroaches
  6 goblins
  12 hobgoblins
  4 jackals (D:1)
  8 kobolds
  2 quokkas
  2 frilled lizards
  5 rats
  A butterfly (D:5)
160 creatures vanquished.

Vanquished Creatures (others)
  2 fungi (D:2)
2 creatures vanquished.

Grand Total: 162 creatures vanquished

Notes
Turn   | Place    | Note
-------+----------+-------------------------------------------
     0 | D:5      | Carnifexus the Minotaur Delver began the quest for the Orb.
     0 | D:5      | Reached XP level 1. HP: 19/19 MP: 0/0
    67 | D:3      | Reached XP level 2. HP: 27/27 MP: 1/1
    81 | D:3      | Found a shimmering blue altar of Sif Muna.
    88 | D:3      | Found a sacrificial altar of Ru.
    88 | D:3      | Found a shadowy altar of Dithmenos.
   364 | D:2      | Found Ucvet's Magic Scroll Shop.
   379 | D:2      | Identified the ring of Baxelum {Will+ SInv}
   547 | D:2      | Found a faded altar of an unknown god.
   853 | D:1      | Reached XP level 3. HP: 27/33 MP: 2/2
  1936 | D:2      | Reached skill level 3 in Maces & Flails
  2125 | D:2      | Reached XP level 4. HP: 36/40 MP: 3/3
  2215 | D:2      | Reached skill level 1 in Armour
  2703 | D:3      | Found a glowing golden altar of the Shining One.
  3513 | D:3      | Reached skill level 4 in Maces & Flails
  3726 | D:4      | Reached XP level 5. HP: 13/46 MP: 2/4
  3873 | D:4      | Reached skill level 5 in Maces & Flails
  3998 | D:4      | Noticed an ogre
  4003 | D:4      | Killed an ogre
  4004 | D:4      | Reached XP level 6. HP: 53/53 MP: 5/5
  4114 | D:4      | Reached skill level 6 in Maces & Flails
  4203 | D:4      | Reached skill level 5 in Fighting
  4203 | D:4      | Reached XP level 7. HP: 53/61 MP: 4/6
  4721 | D:5      | Reached skill level 5 in Armour
  4737 | D:5      | Found Rososes's Antique Weapon Shoppe.
  4795 | D:5      | Reached skill level 7 in Maces & Flails
  4942 | D:5      | Noticed Prince Ribbit
  4970 | D:5      | Killed Prince Ribbit
  4971 | D:5      | Reached XP level 8. HP: 58/69 MP: 7/7
  5238 | D:5      | Found an ancient bone altar of Kikubaaqudgha.
  5284 | D:5      | Found a snail-covered altar of Cheibriados.
  5314 | D:5      | Noticed Ijyb
  5315 | D:5      | Found a staircase to the Ecumenical Temple.
  5326 | D:5      | Killed Ijyb
  5574 | D:5      | Found a runed translucent door.
  5575 | D:5      | Noticed Crazy Yiuf
  5581 | D:5      | Killed Crazy Yiuf
  5582 | D:5      | Reached skill level 8 in Maces & Flails
  5876 | Temple   | Entered the Ecumenical Temple
  6539 | D:6      | Found a glowing silver altar of Zin.
  6575 | D:6      | Reached skill level 5 in Stealth
  6838 | D:6      | Reached skill level 9 in Maces & Flails
  6950 | D:6      | Found a hazy altar of Hepliaklqana.
  7065 | D:6      | You fall into a shaft and drop 1 floor!
  7340 | D:7      | Reached XP level 9. HP: 73/78 MP: 8/8
  7583 | D:7      | Found a burning altar of Makhleb.
  7928 | D:7      | Reached skill level 10 in Maces & Flails
  8451 | D:8      | Noticed Erica
  8468 | D:8      | Killed Erica
  8501 | D:8      | Noticed Joseph
  8536 | D:8      | HP: 3/81 [Joseph/+0 quarterstaff (6)]
  8537 | D:8      | Slain by Joseph

Illustrated notes

Levels and vault maps discovered:
D:1:      lightli_arrival_flooded_house, layout_basic
D:2:      layout_basic, serial_shops, nicolae_square_shop,
          dreamdust_ecumenical_altar_grove
D:3:      layout_basic, grunt_temple_overflow_open, tso_altar,
          kennysheep_decorative_pillar, corner_web_ring,
          ebering_dispersal_statue_hall, minmay_misc_feat_chi, item_on_display_a
D:4:      layout_gridville, serial_glass, glass_columns_a, glass_columns_b
D:5:      layout_layer_cave, mainiacjoe_overflow_paths, general_overflow_altar,
          minmay_temple_entry_butterflies, serial_shops, nicolae_shop_crystal,
          portal_sewer_entry_e, minmay_statues_item, st_stairs_14,
          uniq_crazy_yiuf_cottage, uniq_ijyb, uniq_prince_ribbit1
D:6:      layout_rooms, marbit_many_paths,
          mainiacjoe_overflow_concentric_impassable
D:7:      layout_loops_corners, lemuel_doored_altar
D:8:      layout_basic, nemelex_xobeh_ov_fountains_minmay, lemuel_tele_altar,
          ebering_ghost_gozag, st_stairs_8, uniq_joseph, uniq_erica
Temple:   nicolae_temple_bog_church

Skill      XL: |  1  2  3  4  5  6  7  8  9 |
---------------+----------------------------+-----
Maces & Flails | 3 4 5 6 7 9 10 | 10.8
Fighting       | 4 5 6 7 |  7.9
Armour         | 1 3 4 5 7 8 |  8.6
Dodging        | 3 4 |  4.3
Stealth        | 5 |  5.1
Evocations     | |  0.9

Action                   |  1- 3 |  4- 6 |  7- 9 || total
-------------------------+-------+-------+-------++-------
Melee: Mace              |    76 |    37 |       ||   113
       Headbutt          |     7 |    17 |    56 ||    80
       Punch             |     1 |       |     1 ||     2
       Whip              |       |    48 |   291 ||   339
Evoke: Wand              |       |     1 |     4 ||     5
  Use: Scroll            |     4 |     2 |    10 ||    16
       Potion            |       |     1 |     4 ||     5
 Stab: Sleeping          |     3 |       |     1 ||     4
Armor: Leather armour    |    11 |       |       ||    11
       Chain mail        |    21 |    21 |       ||    42
       Fire dragon scale |       |     8 |    62 ||    70
Dodge: Dodged            |    42 |    34 |   141 ||   217
